Map: Frost LE

Players

Chess

  • Race: Terran Terran
  • League: Master
  • Spawn Location: 7:00

Miszu - Winner!

  • Race: Terran Terran
  • League: Grandmaster
  • Spawn Location: 11:00

VOD

Have the link to the VOD?

Description

Time

  • Played on: May 23, 2016, 3:39 p.m.
  • Length: 10:50
Show
View Real Time Build Order
Export as new Build Order

Chess Terran 

Build Orders: MMM Bio 

Get SALT Encoding   

  12  0:00  SCV  
  13  0:12  SCV  
  14  0:17  Supply Depot  
  14  0:24  SCV  
  15  0:38  SCV  
  15  0:39  Barracks  
  16  0:44  Refinery  
  16  0:50  SCV  
  17  1:01  Barracks  
  17  1:05  SCV  
  18  1:13  Refinery  
  18  1:17  SCV  
  19  1:26  Reaper  
  19  1:31  Orbital Command  
  20  1:41  Supply Depot  
  20  1:47  Reaper  
  21  1:58  Reaper, SCV  
  23  2:10  Factory, SCV  
  24  2:22  SCV  
  25  2:23  Supply Depot  
  25  2:24  Reaper  
  26  2:30  Reaper  
  26  2:34  SCV  
  28  2:46  SCV  
  29  2:56  Reaper  
  29  2:58  SCV  
  31  3:04  Starport, Reaper  
  31  3:05  Hellion  
  33  3:11  SCV  
  34  3:14  Supply Depot  
  34  3:24  SCV  
  34  3:26  Hellion  
  37  3:28  Reaper  
  38  3:36  SCV  
  38  3:38  Supply Depot  
  39  3:47  Medivac, Reaper  
  44  3:48  Hellion  
  44  4:01  Supply Depot, SCV  
  45  4:04  Reaper  
  45  4:09  Liberator  
  46  4:13  SCV  
  46  4:15  Command Center  
  47  4:17  Factory Tech Lab  
  50  4:40  Barracks Tech Lab  
  50  4:42  SCV  
  50  4:45  Engineering Bay  
  51  4:47  Barracks Reactor  
  38  5:17  SCV  
  38  5:18  Viking, Cyclone  
  38  5:19  Marine  
  42  5:30  SCV  
  40  5:40  Marine  
  40  5:41  Marine x2  
  40  5:42  Stimpack  
  41  5:45  Missile Turret  
  41  5:46  Missile Turret  
  36  6:04  SCV  
  36  6:07  Marine x3  
  36  6:16  SCV  
  37  6:22  Orbital Command  
  37  6:26  Marine  
  37  6:28  SCV  
  39  6:33  Marine x2  
  41  6:40  SCV  
  42  6:49  SCV  
  42  6:52  SCV  
  42  6:53  Marine x3  
  45  7:01  SCV  
  43  7:04  SCV  
  43  7:08  Medivac  
  45  7:10  Siege Tank  
  45  7:13  SCV  
  49  7:16  Marine x2, SCV  
  52  7:23  Marine  
  52  7:25  SCV  
  52  7:28  SCV  
  55  7:35  Marine x2  
  57  7:37  SCV  
  57  7:40  SCV  
  57  7:42  Combat Shields  
  59  7:47  Siege Tank  
  59  7:49  SCV  
  63  7:51  Refinery  
  63  7:52  Marine  
  63  7:54  Starport Reactor  
  63  7:55  SCV  
  65  8:01  SCV  
  66  8:07  SCV  
  66  8:08  Supply Depot  
  67  8:13  SCV  
  67  8:19  SCV  
  49  8:28  Marine x3  
  49  8:29  Siege Tank  
  49  8:30  SCV  
  49  8:31  SCV  
  49  8:32  Command Center  
  56  8:42  SCV  
  56  8:46  Marine, SCV  
  59  8:48  Medivac x2  
  59  8:52  Refinery  
  59  8:54  Marine x2, SCV  
  66  8:58  SCV  
  67  9:03  Marine  
  67  9:04  Siege Tank  
  67  9:06  SCV  
  72  9:11  Marine  
  72  9:12  Barracks  
  73  9:17  Barracks  
  73  9:19  SCV  
  74  9:35  Marine x3  
  74  9:37  Siege Tank  
  80  9:38  Medivac  
  80  9:40  Barracks  
  80  9:41  Missile Turret  
  80  9:42  SCV  
  83  9:55  Marine x3  
  83  9:56  SCV  
  84  10:00  Marine  
  65  10:13  Marine x2  
Show
View Real Time Build Order
Export as new Build Order

Miszu Terran - Winner!

Build Orders: 1/1/1, MMM Bio, Banshee Rush 

Get SALT Encoding   

  12  0:00  SCV  
  13  0:13  SCV  
  14  0:18  Supply Depot  
  14  0:25  SCV  
  15  0:34  Refinery  
  15  0:40  SCV  
  16  0:45  Barracks  
  16  0:52  Refinery  
  16  0:55  SCV  
  17  1:07  SCV  
  18  1:19  SCV  
  19  1:31  SCV  
  20  1:35  Factory  
  20  1:36  Reaper  
  21  1:47  Orbital Command  
  21  1:55  Supply Depot  
  21  2:08  Reaper  
  21  2:14  SCV  
  23  2:20  Hellion  
  25  2:27  Starport  
  25  2:32  SCV  
  26  2:37  Supply Depot  
  26  2:40  Reaper  
  27  2:47  Hellion  
  29  2:55  SCV  
  30  3:05  Medivac  
  35  3:13  Hellion  
  35  3:17  Supply Depot  
  35  3:22  Barracks Tech Lab  
  34  3:49  Factory Tech Lab, Banshee  
  34  3:50  Cloaking Field  
  37  4:00  SCV  
  37  4:02  Command Center  
  38  4:12  Siege Tank  
  38  4:15  Barracks Reactor  
  41  4:32  Viking, SCV  
  41  4:37  Supply Depot  
  44  4:48  Siege Tank  
  30  5:22  SCV  
  30  5:30  Banshee, Orbital Command  
  30  5:34  SCV  
  33  5:46  SCV  
  34  5:53  Marine x2  
  36  5:59  SCV  
  36  6:04  SCV  
  34  6:11  SCV  
  34  6:12  Orbital Command  
  34  6:20  Siege Tank, Barracks  
  34  6:23  Barracks, SCV  
  38  6:25  Starport Reactor  
  38  6:29  Stimpack  
  38  6:35  SCV  
  39  6:44  SCV  
  40  6:47  SCV  
  40  6:48  Marine  
  42  6:56  SCV  
  42  6:59  SCV  
  44  7:05  Marine  
  44  7:06  Siege Tank  
  45  7:08  SCV  
  45  7:09  Barracks Reactor  
  45  7:11  SCV  
  45  7:12  Engineering Bay  
  45  7:15  Marine x2  
  48  7:20  SCV  
  50  7:23  SCV  
  50  7:27  Marine  
  52  7:32  SCV  
  52  7:33  Marine  
  52  7:34  Marine  
  52  7:35  SCV  
  56  7:38  Medivac  
  56  7:39  Medivac  
  56  7:41  Siege Tank  
  63  7:45  Marine, SCV  
  63  7:47  Marine, SCV  
  63  7:49  Refinery  
  67  7:52  Supply Depot  
  67  7:54  Supply Depot  
  67  7:57  Terran Infantry Weapons Level 1  
  67  7:58  SCV  
  68  8:01  SCV  
  68  8:03  Marine  
  57  8:33  Marine x4  
  57  8:34  Marine  
  61  8:36  Siege Tank  
  64  8:46  Medivac  
  64  8:47  Medivac  
  68  8:50  SCV  
  68  8:51  Marine x3, SCV  
  68  8:54  Command Center  
  68  8:55  Marine x2  
  74  8:59  Combat Shields  
  75  9:02  SCV  
  75  9:03  SCV  
  77  9:14  Marine  
  77  9:15  SCV  
  79  9:20  Supply Depot, Refinery  
  79  9:28  Marine x4  
  79  9:29  Siege Tank  
  86  9:34  Supply Depot  
  86  9:42  Marine, Medivac  
  89  9:46  Marine x2  
  89  9:52  Barracks x2  
  86  10:03  Marine  
  86  10:04  Marine  
  86  10:05  Marine  
  88  10:18  Marine x2  
  88  10:21  Marine  
  91  10:22  Marine  
  91  10:23  Marine  
Tags
 
Composition
MMM BioMMM Bio
Matchup
TvT
Opening
1/1/1
Race
Terran
Spawn Locations
Close Positions
Strategy
Banshee Rush
Add a new tag
Caveats
  • Supply blocks, unpowered buildings, or Contaminate may cause inaccurate times.
  • Supply counts are checked every 10 seconds.